 Dungeon Sprint DCSS version 0.27-a0-538-g15ff5c5295 (webtiles) character file.

Game seed: 13086642071424621423

60 rocky1 the Geomancer (level 4, -3/27 HPs)
             Began as an Octopode Earth Elementalist on Mar 7, 2021.
             Was a Believer of Sif Muna.
             Slain by a flying skull (10 damage)
             ... in the Dungeon (Sprint VII: "The Pits").
             The game lasted 00:02:43 (317 turns).

rocky1 the Geomancer (Octopode Earth Elementalist)   Turns: 317, Time: 00:02:44

Health: -3/27      AC:  1    Str:  7    XL:     4   Next: 6%
Magic:  2/7        EV: 13    Int: 18    God:    Sif Muna [**....]
Gold:   0          SH:  0    Dex: 12    Spells: 3/7 levels left

rFire    . . .     SeeInvis .   (no weapon)
rCold    . . .     Faith    .   (no shield)
rNeg     . . .     Spirit   .   (helmet restricted)
rPois    .         Reflect  .   (no amulet)
rElec    .         Harm     .   (no ring)
rCorr    .         Rampage  .   (no ring)
Will     .....     NoTele   +   (no ring)
Stlth    +++.......             (no ring)
HPRegen  0.09/turn              (no ring)
MPRegen  0.10/turn              (no ring)
                                (no ring)
                                (no ring)

@: no status effects
A: almost no armour, amphibious, 8 rings, constrict 8, camouflage 1, gelatinous
body 1, nimble swimmer 1
a: Renounce Religion, Channel Magic


You were in the Dungeon.
You worshipped Sif Muna.
Sif Muna was pleased with you.
You visited 1 branch

Inventory:

Hand Weapons
 k - a +1 quarterstaff of protection
 l - a +1 long sword of holy wrath
Missiles
 b - 22 stones
Scrolls
 g - 5 scrolls of amnesia
 h - a scroll of blinking
 i - a scroll of summoning
Potions
 a - 2 potions of berserk rage
 c - 6 potions of curing
 d - 2 potions of invisibility
 e - a potion of haste
 f - 4 potions of magic
 j - 5 potions of heal wounds


   Skills:
 - Level 2.0 Dodging
 - Level 2.6 Stealth
 - Level 2.0 Spellcasting
 - Level 1.0 Transmutations
 + Level 8.1 Earth Magic


You had 3 spell levels left.
You knew the following spells:

 Your Spells              Type           Power      Damage    Failure   Level
a - Sandblast             Erth           62%        2d14      1%          1
b - Stone Arrow           Conj/Erth      32%        3d9       10%         3

Your spell library contained the following spells:

 Spells                   Type           Power      Damage    Failure   Level
 Passwall                 Tmut/Erth      15%        N/A       4%          2
 Lee's Rapid Deconstruct  Erth           15%        3d11*     17%         5
 Petrify                  Tmut/Erth      18%        N/A       26%         4


Dungeon Overview and Level Annotations

Branches:
Dungeon (1/1)

Altars:
Ashenzari
Cheibriados
Dithmenos
Elyvilon
Fedhas
Gozag
Hepliaklqana
Kikubaaqudgha
Makhleb
Nemelex Xobeh
Okawaru
Qazlal
Ru
Sif Muna
Trog
Uskayaw
Vehumet
Wu Jian
Xom
Yredelemnul
Zin
The Shining One
Beogh
Jiyva
Lugonu


Innate Abilities, Weirdness & Mutations

You cannot wear most types of armour.
You are amphibious.
You can wear up to eight rings at the same time.
You can use your tentacles to constrict eight enemies at once.
Your skin changes colour to match your surroundings (Stealth+).
Your rubbery body absorbs attacks. (AC +1, EV +1)
You are stealthy while swimming. (Stealth+)


Message History

Confirm with . or Enter, or press ? or * to list all spells.
Aiming: Sandblast (safe; 1% risk of failure)
Press: ? - help, Shift-Dir - straight line, f - flying skull
Aim: a flying skull (34% to evade)
The blast of sand misses the flying skull.
Casting: Sandblast (safe; 1% risk of failure)
Confirm with . or Enter, or press ? or * to list all spells.
Aiming: Sandblast (safe; 1% risk of failure)
Press: ? - help, Shift-Dir - straight line, f/p - flying skull
Aim: a flying skull (34% to evade)
The blast of sand hits the flying skull but does no damage.
The flying skull hits you. x2
Unknown command.
Casting: Sandblast (safe; 1% risk of failure)
Confirm with . or Enter, or press ? or * to list all spells.
Aiming: Sandblast (safe; 1% risk of failure)
Press: ? - help, Shift-Dir - straight line, f/p - flying skull
Aim: a flying skull (34% to evade)
The blast of sand hits the flying skull.
The flying skull is lightly damaged.
The flying skull hits you.
Unknown command.
Casting: Sandblast (safe; 1% risk of failure)
Confirm with . or Enter, or press ? or * to list all spells.
Aiming: Sandblast (safe; 1% risk of failure)
Press: ? - help, Shift-Dir - straight line, f/p - flying skull
Aim: a flying skull (lightly damaged, 34% to evade)
The blast of sand hits the flying skull.
The flying skull is moderately damaged.
The flying skull barely misses you. The flying skull hits you.
* * * LOW HITPOINT WARNING * * *
Casting: Sandblast (safe; 1% risk of failure)
Confirm with . or Enter, or press ? or * to list all spells.
Aiming: Sandblast (safe; 1% risk of failure)
Press: ? - help, Shift-Dir - straight line, f/p - flying skull
Aim: a flying skull (moderately damaged, 34% to evade)
The blast of sand hits the flying skull!
The flying skull is severely damaged.
The flying skull hits you!
You die...

#.?..')))'.##.....
##########.##.....
#...........'.....
#'#####'#####.....
#.#..#..#[[##.....
#.#..'..#))#####'#
#.#.)####.)##.....
#.#..#..#).##.....
#@#†.#..#..##.....
#z##†#..#'###...<.
#l#........##.....
#.#........##.....
#'###########.....
#..# ######
#.......#
##.#.#.## .....


You could see a flying skull and a leopard gecko.

Vanquished Creatures
  An iguana (D)
  A gnoll (D)
  A river rat (D)
  An ufetubus (D)
  2 leopard geckos (D)
  A hobgoblin (D)
  A quokka (D)
  A bat (D)
  A frilled lizard (D)
10 creatures vanquished.

Notes
Turn   | Place    | Note
-------+----------+-------------------------------------------
     0 | D        | rocky1 the Octopode Earth Elementalist began the quest for
                  | the Orb.
     0 | D        | Reached XP level 1. HP: 11/11 MP: 3/3
    23 | D        | Reached skill level 5 in Earth Magic
    23 | D        | Reached XP level 2. HP: 17/17 MP: 0/5
    89 | D        | Found a bloodstained altar of Trog.
    89 | D        | Found a shimmering blue altar of Sif Muna.
    89 | D        | Found a viscous altar of Jiyva.
    89 | D        | Found a hazy altar of Hepliaklqana.
    89 | D        | Found an opulent altar of Gozag.
    90 | D        | Found a glowing golden altar of the Shining One.
    90 | D        | Found a glowing silver altar of Zin.
    90 | D        | Found a basalt altar of Yredelemnul.
    90 | D        | Found a shimmering altar of Xom.
    90 | D        | Found an ornate altar of the Wu Jian Council.
    90 | D        | Found a sacrificial altar of Ru.
    90 | D        | Found a stormy altar of Qazlal.
    90 | D        | Found an iron altar of Okawaru.
    90 | D        | Found a sparkling altar of Nemelex Xobeh.
    90 | D        | Found a burning altar of Makhleb.
    90 | D        | Found a blossoming altar of Fedhas.
    90 | D        | Found a white marble altar of Elyvilon.
    90 | D        | Found a shadowy altar of Dithmenos.
    90 | D        | Found a snail-covered altar of Cheibriados.
    92 | D        | Found a radiant altar of Vehumet.
    92 | D        | Found a corrupted altar of Lugonu.
    93 | D        | Found a hide-covered altar of Uskayaw.
    93 | D        | Found an ancient bone altar of Kikubaaqudgha.
    93 | D        | Found a broken altar of Ashenzari.
    95 | D        | Became a worshipper of Sif Muna the Loreminder
   131 | D        | Reached * piety under Sif Muna
   134 | D        | Reached skill level 6 in Earth Magic
   135 | D        | Reached XP level 3. HP: 21/21 MP: 2/6
   183 | D        | Reached ** piety under Sif Muna
   187 | D        | Reached skill level 8 in Earth Magic
   187 | D        | Reached XP level 4. HP: 26/27 MP: 2/7
   285 | D        | Learned a level 3 spell: Stone Arrow
   301 | D        | Noticed a flying skull
   317 | D        | Slain by a flying skull

Illustrated notes

Levels and vault maps discovered:
D:        pitsprint [storerooms_1, entrance_room_1, metal_vault_2, armoury_2,
          mini_pit_1, grid_room_1, main_hall_1, silver_pit, the_coven_1,
          the_vestibule_1, steel_vault_4, golden_pit, hallway_of_sentries,
          crystal_vault_6, iron_vault_5, final_vault]

Skill      XL: |  1  2  3 |
---------------+----------+-----
Earth Magic    | 5 6 8 |  8.1
Dodging        | |  2.0
Stealth        | |  2.6
Spellcasting   | |  2.0
Transmutations | |  1.0

Action                   |  1- 3 |  4- 6 || total
-------------------------+-------+-------++-------
Melee: Unarmed           |     8 |     5 ||    13
       Constrict         |     1 |     1 ||     2
       Tentacles         |     1 |       ||     1
 Cast: Sandblast         |    12 |     6 ||    18
  Use: Potion            |     2 |       ||     2
Armor: Skin              |     1 |       ||     1
Dodge: Dodged            |     6 |     4 ||    10

Table legend: (Time is in decaauts)
 A = Elapsed time spent in this place.
 B = Non-inter-level travel time spent in this place.
 C = Inter-level travel time spent in this place.
 D = Time resting spent in this place.
 E = Time spent auto-exploring this place.
 F = Levels seen in this place.
 G = Mean time per level.
                   A        B        C        D        E       F      G
               +--------+--------+--------+--------+--------+-----+--------+
         Total |    323 |    323 |      0 |    139 |      0 |   1 |  323.0 |
       Dungeon |    323 |    323 |      0 |    139 |      0 |   1 |  323.0 |
               +--------+--------+--------+--------+--------+-----+--------+

Top non-repeatable levels by time:
       D: 323 daAuts
